 Dungeon Crawl Stone Soup version 0.17-a0-1515-gfae3d72 (webtiles) character file.

59 amnekian the Cudgeler (level 3, 0/33 HPs)
             Began as a Deep Dwarf Fighter on July 12, 2015.
             Slain by Grinder (6 damage)
             ... while paralysed by Grinder
             ... on level 3 of the Dungeon.
             The game lasted 00:03:36 (1421 turns).

amnekian the Cudgeler (Deep Dwarf Fighter)          Turns: 1421, Time: 00:03:36

Health: 0/33       AC:  6    Str: 19    XL:     3   Next: 78%
Magic:  3/3        EV:  2    Int:  8    God:
Gold:   58         SH:  0    Dex: 13    Spells: 0 memorised, 2 levels left

rFire  . . .     SeeInvis .     a - +0 flail
rCold  . . .     Clarity  .     b - +0 scale mail
rNeg   . . .     SustAt   .     c - +0 shield
rPois  .         Gourm    .     (no helmet)
rElec  .         Spirit   .     (no cloak)
rCorr  .         Warding  .     (no gloves)
rMut   .         Stasis   .     (no boots)
MR     .....                    (no amulet)
Stlth  ..........               (no ring)
                                (no ring)

@: paralysed, non-regenerating, not resistant to hostile enchantments, extremely
unstealthy
A: damage resistance, recharge devices, sense surroundings 1, slow healing 3
a: Device Recharging


You were on level 3 of the Dungeon.
You were hungry.

You visited 1 branch of the dungeon, and saw 3 of its levels.

You collected 58 gold pieces.

Inventory:

Hand weapons
 a - a +0 flail (weapon)
Armour
 b - a +0 scale mail (worn)
 c - a +0 shield (worn)
Magical devices
 e - a wand of heal wounds (4)
Scrolls
 g - 2 scrolls of blinking {unknown}
 i - a scroll of teleportation {unknown}
 j - a scroll of remove curse {unknown}
Potions
 d - a potion of might
 k - 2 potions of curing
Comestibles
 f - 3 bread rations
 h - a slice of pizza
 l - a meat ration
 m - 4 chunks of flesh


   Skills:
 - Level 2.6 Fighting
 + Level 4.2 Maces & Flails
 - Level 3.2 Armour
 - Level 3.2 Shields


You had 2 spell levels left.
You didn't know any spells.

Dungeon Overview and Level Annotations

Branches:
Dungeon (3/15)

Altars:
Kikubaaqudgha

Annotations:
D:2 Natasha
D:3 Grinder


Innate Abilities, Weirdness & Mutations

You are resistant to damage.
You can recharge devices by infusing magical energy.
You passively map a small area around you.
You do not heal naturally.


Message History

Unknown command.
Unknown command.
Unknown command.
You sock Grinder!
Grinder is heavily wounded.
Grinder hits you.
You writhe in agony.
* * * LOW HITPOINT WARNING * * *
You are too injured to fight recklessly!
You are too injured to fight recklessly!
You are too injured to fight recklessly!
You are too injured to fight recklessly!
Unknown command.
You closely miss Grinder.
Grinder is heavily wounded.
Grinder gestures at you.
You suddenly lose the ability to move!
Grinder says, "Mostly I couldn't keep them alive."
Grinder drinks a potion.
Grinder is healed!
Grinder hits you!
You die...

###........#
..)........#
.#.##......#
.#.##...#..#
...##...#..#######
..<##............#
...###.#..######.#
..........# #5#
##........# #@#
#..##.#### #†#
##.##.# #.# #..###
*** #.# #... , ..#
#### * * ***####


You could see Grinder.

Vanquished Creatures
  2 adders
  3 worms
  2 giant geckos (D:1)
  A ball python (D:1)
  5 bats
  4 hobgoblins
  5 kobolds
  A giant newt (D:1)
  6 goblins
  A rat (D:1)
30 creatures vanquished.

Vanquished Creatures (others)
  A giant cockroach (D:2)
1 creature vanquished.

Grand Total: 31 creatures vanquished

Notes
Turn   | Place    | Note
--------------------------------------------------------------
     0 | D:1      | amnekian the Deep Dwarf Fighter began the quest for the Orb.
     0 | D:1      | Reached XP level 1. HP: 20/20 MP: 1/1
   335 | D:1      | Reached XP level 2. HP: 17/27 MP: 2/2
  1017 | D:2      | Found a faded altar to an unknown god.
  1212 | D:2      | Reached XP level 3. HP: 19/33 MP: 3/3
  1315 | D:2      | Found an ancient bone altar of Kikubaaqudgha.
  1321 | D:2      | Noticed Natasha
  1344 | D:3      | Reached skill level 4 in Maces & Flails
  1391 | D:3      | Noticed Grinder
  1404 | D:3      | Paralysed by Grinder for 5 turns
  1416 | D:3      | Paralysed by Grinder for 2 turns
  1419 | D:3      | Paralysed by Grinder for 4 turns
  1421 | D:3      | Slain by Grinder

Vault maps used:
D:1:      eino_arrival_water_star
D:2:      nicolae_overflow_crystal_walls, grunt_qazlal_clouds,
          ecumenical_altar_1, first_bread, uniq_robin, uniq_terence,
          uniq_sigmund, uniq_natasha
D:3:      portal_sewer_entry_d, minivault_5, grunt_decor_fettered,
          grunt_ministairs_10, uniq_grinder, uniq_crazy_yiuf_cottage

Action                   || total
-------------------------++-------
Melee: Flail             ||   144
Evoke: Wand              ||     1
  Eat: Chunk             ||     1
